 Dungeon Crawl Stone Soup version 0.24.0-7-gb3623d2c88 (webtiles) character file.

Game seed: 12846264811102325831, levelgen mode: deterministic

118288 MisterOstroum the Thaumaturge (level 16, -1/124 HPs)
             Began as a Gnoll Necromancer on Oct 30, 2019.
             Was the Champion of Kikubaaqudgha.
             Shot with an arrow by a naga sharpshooter (6 damage)
             ... led by Vashnia
             ... on level 3 of the Snake Pit on Nov 2, 2019.
             The game lasted 02:50:26 (34172 turns).

MisterOstroum the Thaumaturge (Gnoll Necromancer)  Turns: 34172, Time: 02:50:26

Health: -1/124     AC: 23    Str: 13    XL:     16   Next: 76%
Magic:  7/35       EV: 20    Int: 29    God:    Kikubaaqudgha [******]
Gold:   940        SH:  0    Dex: 15    Spells: 3/38 levels left

rFire    . . .     SeeInvis .   b - +2 trident (protect)
rCold    + . .     Gourm    .   (no shield)
rNeg     + . .     Faith    .   E - +3 leather armour
rPois    +         Spirit   .   X - +0 Maxwell's etheric cage {RegenMP+ *Contam rElec MP+4}
rElec    +         Reflect  .   I - +2 ratskin cloak {+Rats rPois rN+ Str-1 Int-1 Dex+1}
rCorr    .         Harm     .   M - +2 pair of gloves
MR       +++..                  l - +2 pair of boots
Stlth    ++++++....             P - amulet of magic regeneration
HPRegen  0.30/turn              j - ring "Ziloufuarch" {+Fly rC+ Str+3 Int+3 Stlth+} MPRegen 0.99/turn*
                                v - ring of the Mage {Wiz MR++ Int+3}

@: no status effects
A: distributed training, fangs 1, icy blue scales 1, molten scales 1, clumsy 1,
strong nose
a: Receive Corpses, Torment, Renounce Religion, Evoke Ratskin, Evoke Flight


You were on level 3 of the Snake Pit.
You worshipped Kikubaaqudgha.
Kikubaaqudgha was exalted by your worship.
You were not hungry.

You visited 5 branches of the dungeon, and saw 27 of its levels.
You also visited: Gauntlet.

You collected 2973 gold pieces.
You spent 2033 gold pieces at shops.

Inventory:

Hand Weapons
 a - a +2 short sword of electrocution
 b - a +2 trident of protection (weapon)
Missiles
 Y - 12 curare-tipped darts (quivered)
Armour
 l - a +2 pair of boots (worn)
 E - a +3 leather armour (worn)
 I - the +2 ratskin cloak (worn) {+Rats rPois rN+ Str-1 Int-1 Dex+1}
   (You found it on level 5 of the Dungeon)

   It affects your strength (-1).
   It affects your intelligence (-1).
   It affects your dexterity (+1).
   It protects you from poison.
   It protects you from negative energy.
 M - a +2 pair of gloves (worn)
 X - the +0 Maxwell's etheric cage (worn) {RegenMP+ *Contam rElec MP+4}
   (You found it on level 2 of the Lair of Beasts)

   It insulates you from electricity.
   It affects your magic capacity (+4).
   It causes magical contamination when unequipped.
Magical Staves
 d - an uncursed staff of wizardry {!a}
Jewellery
 j - the ring "Ziloufuarch" (left hand) {+Fly rC+ Str+3 Int+3 Stlth+}
   (You bought it in a shop on level 2 of the Orcish Mines)

   [ring of strength]

   It affects your strength (+3).
   It affects your intelligence (+3).
   It protects you from cold.
   It lets you fly.
   It makes you more stealthy.
 v - the ring of the Mage (right hand) {Wiz MR++ Int+3}
   (You bought it in a shop on level 2 of the Orcish Mines)

   [ring of wizardry]

   It improves your spell success rate.
   It affects your intelligence (+3).
   It affects your resistance to hostile enchantments.
 A - an uncursed ring of see invisible
 D - an uncursed ring of protection from fire
 P - an amulet of magic regeneration (around neck)
 R - an uncursed amulet of rage
Wands
 c - a wand of digging (3)
 s - a wand of disintegration (7)
 t - a wand of acid (16)
 B - a wand of paralysis (9)
 J - a wand of random effects (34)
 L - a wand of iceblast (11)
 N - a wand of polymorph (10)
Scrolls
 f - 7 scrolls of remove curse {@r2}
 i - a scroll of magic mapping {@r5 !r}
 k - 5 scrolls of blinking {@r4}
 o - a scroll of fog {!r}
 u - 14 scrolls of teleportation {@r3 !r}
 w - 2 scrolls of fear
 K - 3 scrolls of immolation
 U - 6 scrolls of amnesia
 V - 5 scrolls of enchant armour
 W - 6 scrolls of identify {@r1}
 Z - 2 scrolls of vulnerability
Potions
 g - 20 potions of curing {@q1 !q}
 m - 9 potions of brilliance
 n - 2 potions of agility
 p - 2 potions of magic
 q - 6 potions of flight
 r - 3 potions of mutation
 x - a potion of heal wounds {@q2 !q}
 y - 3 potions of might {@q3 !q}
 z - 6 potions of haste {@q4 !q}
 C - 3 potions of lignification {@q6}
 G - a potion of invisibility
 O - a potion of ambrosia
 S - 2 potions of cancellation {unknown}
 T - a potion of resistance
Miscellaneous
 F - a lightning rod (4/4)
 Q - a lamp of fire
Comestibles
 e - 23 rations


   Skills:
 + Level 10.9 Fighting
 + Level 10.9 Short Blades
 + Level 10.9 Long Blades
 + Level 10.9 Axes
 + Level 10.9 Maces & Flails
 + Level 10.9 Polearms
 + Level 10.9 Staves
 + Level 10.9 Slings
 + Level 10.9 Bows
 + Level 10.9 Crossbows
 + Level 10.9 Throwing
 + Level 10.9 Armour
 + Level 11.7 Dodging
 + Level 11.5 Stealth
 + Level 10.9 Shields
 + Level 10.9 Unarmed Combat
 + Level 11.8 Spellcasting
 + Level 9.2 Conjurations
 + Level 9.2 Hexes
 + Level 9.2 Charms
 + Level 9.2 Summonings
 + Level 11.4 Necromancy
 + Level 9.2 Translocations
 + Level 9.2 Transmutations
 + Level 9.2 Fire Magic
 + Level 9.2 Ice Magic
 + Level 9.2 Air Magic
 + Level 9.2 Earth Magic
 + Level 9.2 Poison Magic
 + Level 11.7 Invocations
 + Level 10.9 Evocations


You had 3 spell levels left.
You knew the following spells:

 Your Spells              Type           Power        Failure   Level  Hunger
a - Pain                  Necr           ####         1%          1    None
b - Vampiric Draining     Necr           ######....   1%          3    None
c - Inner Flame           Hex/Fire       ######..     1%          3    None
d - Bolt of Draining      Conj/Necr      ######....   1%          5    ##.....
e - Dispel Undead         Necr           ######..     1%          5    ##.....
f - Borgnjor's Vile Clut  Necr/Erth      ######....   1%          5    ##.....
B - Blink                 Tloc           N/A          1%          2    None
D - Animate Dead          Necr           N/A          1%          4    None
F - Cause Fear            Hex            ######....   1%          4    None
H - Regeneration          Chrm/Necr      ######....   1%          3    None

Your spell library contained the following spells:

 Spells                   Type           Power        Failure   Level  Hunger
 Animate Skeleton         Necr           N/A          1%          1    None
 Corona                   Hex            ######.      1%          1    None
 Freeze                   Ice            ####         1%          1    None
 Summon Small Mammal      Summ           ####         1%          1    None
 Call Imp                 Summ           ######..     1%          2    None
 Ensorcelled Hibernation  Hex/Ice        ######       1%          2    None
 Slow                     Hex            ######..     1%          2    None
 Sublimation of Blood     Necr           ######....   1%          2    None
 Throw Frost              Conj/Ice       ######       1%          2    None
 Call Canine Familiar     Summ           ######..     1%          3    None
 Ignite Poison            Fire/Tmut/Pois ######..     1%          3    None
 Ozocubu's Armour         Chrm/Ice       ######..     1%          3    None
 Portal Projectile        Hex/Tloc       ######       1%          3    None
 Spectral Weapon          Hex/Chrm       ######..     1%          3    None
 Summon Guardian Golem    Hex/Summ       ######..     1%          3    None
 Force Lance              Conj/Tloc      ######..     1%          4    None
 Leda's Liquefaction      Hex/Erth       ######....   1%          4    None
 Petrify                  Tmut/Erth      ######..     1%          4    None
 Summon Ice Beast         Ice/Summ       ######..     1%          4    None
 Summon Lightning Spire   Summ/Air       ######..     1%          4    None
 Throw Icicle             Conj/Ice       ######..     1%          4    None
 Alistair's Intoxication  Tmut/Pois      ######..     1%          5    ##.....
 Bolt of Magma            Conj/Fire/Erth ######....   1%          5    ##.....
 Excruciating Wounds      Chrm/Necr      ######....   1%          5    ##.....
 Irradiate                Conj/Tmut      ######....   1%          5    ##.....
 Iskenderun's Battlesphe  Conj/Chrm      ######..     1%          5    ##.....
 Silence                  Hex/Air        ######....   1%          5    ##.....
 Summon Forest            Summ/Tloc      ######....   1%          5    ##.....
 Venom Bolt               Conj/Pois      ######....   1%          5    ##.....
 Death Channel            Necr           ######....   1%          6    #####..
 Darkness                 Hex            ######....   5%          6    #####..
 Iron Shot                Conj/Erth      ######....   5%          6    #####..
 Shadow Creatures         Summ           N/A          5%          6    #####..
 Haunt                    Necr/Summ      ######....   17%         7    ######.
 Malign Gateway           Summ/Tloc      ######....   26%         7    ######.
 Orb of Destruction       Conj           ######....   26%         7    ######.
 Spellforged Servitor     Conj/Summ      ######....   26%         7    ######.
 Borgnjor's Revivificati  Necr           ######....   61%         8    #######
 Infestation              Necr           ######....   61%         8    #######
 Death's Door             Chrm/Necr      ######....   77%         8    #######
 Necromutation            Tmut/Necr      ######....   77%         8    #######
 Disjunction              Tloc           ######....   89%         8    #######


Dungeon Overview and Level Annotations

Branches:
Dungeon (15/15)            Temple (1/1) D:4            Lair (6/6) D:9
 Shoals (0/4) Lair:4        Snake (3/4) Lair:2        Slime (0/5) Lair:6
    Orc (2/2) D:10            Elf (0/3) Orc:2        Vaults (0/5) D:14
 Depths (0/5) D:15        Gauntlet (visited)

Altars:
Ashenzari
Cheibriados
Dithmenos
Elyvilon
Fedhas
Gozag
Hepliaklqana
Kikubaaqudgha
Makhleb
Nemelex Xobeh
Okawaru
Qazlal
Ru
Sif Muna
Trog
Uskayaw
Vehumet
Wu Jian
Xom
Yredelemnul
Zin
The Shining One
Beogh

Shops:
D:9 (   D:14 ?   Orc:2 =!?}=([*

Annotations:
D:5 exclusion: crimson imp, Eustachio
D:8 exclusion: downstairs
D:14 exclusion: orange crystal statue, Roxanne
Lair:3 3 runed translucent doors, Befuwnopp's ghost, journeyman TrHu
Snake:3 2 transporters, Vashnia; wjtupper's ghost, adept MiHu
Orc:1 2 transporters


Innate Abilities, Weirdness & Mutations

Your experience applies equally to all skills.
You have very sharp teeth.
Your uncanny sense of smell can sniff out nearby items.
You are partially covered in icy blue scales. (AC +2)
You are partially covered in molten scales. (AC +2)
You are clumsy. (Dex -2)


Message History

Your black mamba zombie is constricted.
Your black mamba zombie bites the naga sharpshooter.
Your black mamba zombie bites the naga sharpshooter!
Your black mamba zombie bites the naga sharpshooter.
The naga sharpshooter shoots an arrow.
The arrow hits your black mamba zombie!!
The naga sharpshooter hits your black mamba zombie with a +0 scimitar.
The naga sharpshooter constricts your black mamba zombie.
Your black mamba zombie barely misses the naga sharpshooter.
Your black mamba zombie closely misses the naga sharpshooter.
Your black mamba zombie bites the naga sharpshooter!
Your black mamba zombie bites the naga sharpshooter but does no damage.
Your black mamba zombie bites the naga sharpshooter.
Your black mamba zombie bites the naga sharpshooter!
The naga sharpshooter shoots an arrow.
The arrow hits your black mamba zombie!!
Your black mamba zombie is destroyed!
The naga sharpshooter shouts!
You see here 2 arrows.
Casting: Bolt of Draining (safe; 1% risk of failure)
Confirm with . or Enter, or press ? or * to list all spells.
Aiming: Bolt of Draining (safe; 1% risk of failure)
Press: ? - help, Shift-Dir - straight line, f - naga sharpshooter, p - naga sharpshooter
Aim: a naga sharpshooter, wielding a +0 arbalest The bolt of negative energy hits Asterion.
Asterion completely resists.
Asterion is almost destroyed.
The bolt of negative energy hits your black mamba zombie.
Your black mamba zombie completely resists.
Your black mamba zombie is lightly damaged.
You hear a shout!
Your black mamba zombie bites the naga sharpshooter.
The naga sharpshooter unwields a +0 scimitar.
The naga sharpshooter wields a +0 arbalest.
The naga sharpshooter shoots a bolt.
The bolt hits your black mamba zombie!!
Your black mamba zombie closely misses the naga sharpshooter.
Your black mamba zombie bites the naga sharpshooter!
The naga sharpshooter shoots an arrow.
Asterion blocks the arrow.
Your +2 trident of protection hums with potential!
b - a +2 trident of protection (weapon)
Your black mamba zombie bites the naga sharpshooter.
A naga sharpshooter comes into view. It is wielding a +0 short sword.
Your black mamba zombie bites the naga sharpshooter.
Your black mamba zombie bites the naga sharpshooter.
The naga sharpshooter shoots a bolt.
The bolt hits your black mamba zombie!
Your black mamba zombie bites the naga sharpshooter!
The naga sharpshooter shoots an arrow.
The arrow hits Asterion!!
Asterion is destroyed!
Your black mamba zombie bites the naga sharpshooter but does no damage.
The naga sharpshooter shoots a bolt.
The bolt hits your black mamba zombie!
You see here an arrow.
Your black mamba zombie bites the naga sharpshooter but does no damage.
Your black mamba zombie bites the naga sharpshooter!
The naga sharpshooter shoots a bolt.
The bolt hits your black mamba zombie!!
Your black mamba zombie is destroyed!
The naga sharpshooter mumbles some strange words.
The naga sharpshooter magically shoots an arrow.
The arrow hits your black mamba zombie!
Your black mamba zombie bites the naga sharpshooter.
Things that are here:
a bolt; 5 arrows; an anaconda corpse You are too injured to fight recklessly!
Your black mamba zombie bites the naga sharpshooter.
The naga sharpshooter casts a spell.
The naga sharpshooter magically shoots a bolt.
The bolt hits you!
The naga sharpshooter shoots an arrow.
The arrow hits your black mamba zombie!!
The naga sharpshooter shoots a bolt.
The bolt barely misses your black mamba zombie.
Things that are here:
2 bolts; an arrow Your black mamba zombie barely misses the naga sharpshooter.
Your black mamba zombie misses the naga sharpshooter.
The naga sharpshooter shoots an arrow.
The arrow hits your black mamba zombie!!
Your black mamba zombie is destroyed!
You see here 2 arrows.
The naga sharpshooter unwields a +0 short sword.
The naga sharpshooter wields a -1 shortbow.
The naga sharpshooter gestures wildly while chanting.
The naga sharpshooter magically shoots an arrow.
The arrow hits you but does no damage.
The naga sharpshooter gestures wildly while chanting.
The naga sharpshooter magically shoots a bolt.
The bolt hits you!
Things that are here:
a bolt; 2 arrows The naga sharpshooter shoots a bolt.
The bolt hits you!
* * * LOW HITPOINT WARNING * * *
The naga sharpshooter shoots a bolt.
The bolt hits you!
* * * LOW HITPOINT WARNING * * *
The naga sharpshooter gestures wildly while chanting.
The naga sharpshooter magically shoots an arrow.
The arrow hits you!
* * * LOW HITPOINT WARNING * * *
The naga sharpshooter casts a spell.
The naga sharpshooter magically shoots an arrow.
The arrow hits you.
You die...
Kikubaaqudgha rasps: "You have failed me!
Welcome... death!"

#..# ##..##.#....$## .#
#..## #.((#.#...#.W#. ..#
#...####>(.# #©.[S#© ...#
##......).(## .!.S#S#.
....# ##.....(.(©#.#...#(##
#....# ##.....#(##.S##.#. #
#....# ##...(.#(#.y.#...#.#
#...N###.......(##S...#..##
### #NN((((.@##....##.W...
#. ..##
#.N.....####...(##### ##.
)..# ##.....##
###...(..###.. #).##
##...## ##[###....$# ##).#
##### #...####### ##)##
##...# ## #..## ##.†#####.
#>..# #........ #...#####
###...#####


You could see 4 naga sharpshooters.

Vanquished Creatures
  Asterion (Snake:3)
  Frances (D:14)
  Aizul (Snake:3)
  An orc warlord (Orc:2)
  An ironheart preserver (D:14)
  A dire elephant (Lair:6)
  An ogre mage (D:15)
  2 naga warriors
  7 hydras
  A catoblepas (D:14)
  6 anacondas
  A merfolk avatar (Lair:6)
  A death knight (D:15)
  2 centaur warriors
  6 two-headed ogres
  A vampire mage (D:15)
  A tengu warrior (D:15)
  8 naga sharpshooters
  2 orc high priests (Orc:2)
  Urug (Lair:2)
  2 shock serpents
  Sonja (Orc:1)
  Nergalle (Lair:3)
  6 skeletal warriors
  A sea snake (Lair:6)
  An unseen horror (D:10)
  2 naga ritualists (Snake:3)
  An obsidian statue (Lair:3)
  A wizard (D:15)
  A harpy (Lair:6)
  3 orc knights (Orc:2)
  A necromancer (D:15)
  3 orc sorcerers
  A mana viper (Snake:1)
  10 cyclopes
  5 ugly things (D:14)
  A salamander (shapeshifter) (D:13)
  A salamander (Snake:2)
  3 manticores
  2 centaur zombies (D:12)
  3 elephants
  A frost giant skeleton (D:15)
  18 black mambas
  5 naga magi
  Joseph (Lair:1)
  12 spiny frogs
  An elf skeleton (D:15)
  A gargoyle (D:13)
  5 rime drakes
  An efreet (D:15)
  7 komodo dragons
  4 freezing wraiths
  A tengu conjurer (D:15)
  6 trolls
  4 polar bears
  A hornet (Lair:6)
  A blink frog (shapeshifter) (D:14)
  21 blink frogs
  11 dream sheep
  A slime creature (Lair:6)
  A hippogriff (shapeshifter) (D:14)
  13 hippogriffs
  A centaur simulacrum (D:13)
  A spriggan (D:9)
  Sigmund (D:3)
  A spriggan skeleton (D:15)
  7 wyverns
  3 basilisks
  3 wraiths
  47 yaks
  A vampire (D:12)
  Grum (Lair:1)
  3 vampire mosquitoes (D:13)
  3 wargs
  13 nagas
  2 acid dragons (D:15)
  8 porcupines
  12 water moccasins
  5 ice beasts
  An eye of draining (D:12)
  7 ogres
  33 orc warriors
  2 black bears
  A necrophage (D:12)
  A sky beast (D:11)
  3 centaurs
  2 phantoms
  15 wolves
  15 crocodiles
  A yaktaur zombie (D:15)
  Blork the orc (Orc:2)
  22 bullfrogs
  A gnoll sergeant (D:9)
  7 scorpions
  9 killer bees
  10 howler monkeys
  2 electric eels
  5 crimson imps
  7 jellies
  A bullfrog zombie (D:11)
  6 hounds
  13 orc priests
  22 orc wizards
  3 bullfrog skeletons
  7 centaur skeletons
  3 iguanas
  4 hell rats
  14 worker ants
  2 hound skeletons
  2 gnolls (D:9)
  A howler monkey skeleton (D:11)
  14 adders
  6 river rats (D:5)
  2 shadow imps
  2 oozes
  An adder zombie (D:9)
  An adder skeleton (D:5)
  3 worms
  2 dart slugs
  6 leopard geckos
  68 orcs
  A ball python (D:3)
  6 giant cockroaches
  9 goblins
  4 hobgoblins
  7 jackals
  4 quokkas
  5 frilled lizards
  A jackal skeleton (D:7)
  5 kobolds
  A leopard gecko zombie (D:6)
  A quokka skeleton (D:6)
  19 rats
715 creatures vanquished.

Vanquished Creatures (collateral kills)
  Saint Roka (Snake:3)
  Snorg (Orc:1)
  Josephine (Orc:1)
  3 anacondas (Snake:3)
  A two-headed ogre (D:8)
  A tengu warrior (D:13)
  3 oklob plants (Lair:6)
  3 black mambas (Snake:3)
  A naga mage (Snake:1)
  A centaur skeleton (D:12)
  A gargoyle (D:10)
  A komodo dragon (Lair:6)
  2 wraiths
  6 yaks
  Menkaure (D:7)
  A hungry ghost (D:9)
  3 nagas
  A warg (Snake:3)
  3 orc warriors
  A swamp drake (Lair:5)
  2 black bears
  2 necrophages (D:8)
  A phantom (D:9)
  A wolf (D:9)
  A centaur (D:7)
  A scorpion (D:7)
  An orc wizard (Orc:1)
  2 orc priests
  4 hell rats (Lair:5)
  3 gnolls (D:9)
  14 orcs
  A fungus (D:9)
  A withered plant (D:15)
70 creatures vanquished.

Vanquished Creatures (others)
  2 bushes (Lair:5)
  A demonic plant (Gauntlet)
  7 fungi
  15 plants
25 creatures vanquished.

Grand Total: 810 creatures vanquished

Notes
Turn   | Place    | Note
-------+----------+-------------------------------------------
     0 | D:1      | MisterOstroum the Gnoll Necromancer began the quest for the
                  | Orb.
     0 | D:1      | Reached XP level 1. HP: 13/13 MP: 6/6
  1302 | D:2      | Reached XP level 2. HP: 13/19 MP: 2/7
  1665 | D:2      | Reached skill level 5 in Spellcasting
  1665 | D:2      | Reached XP level 3. HP: 20/25 MP: 2/9
  1711 | D:2      | Learned a level 3 spell: Vampiric Draining
  1853 | D:2      | Found a burning altar of Makhleb.
  1865 | D:2      | Reached skill level 1 in Invocations
  2251 | D:3      | Reached skill level 1 in Fighting
  2251 | D:3      | Reached skill level 1 in Short Blades
  2251 | D:3      | Reached skill level 1 in Long Blades
  2251 | D:3      | Reached skill level 1 in Axes
  2251 | D:3      | Reached skill level 1 in Maces & Flails
  2251 | D:3      | Reached skill level 1 in Polearms
  2251 | D:3      | Reached skill level 1 in Staves
  2251 | D:3      | Reached skill level 1 in Slings
  2251 | D:3      | Reached skill level 1 in Bows
  2251 | D:3      | Reached skill level 1 in Crossbows
  2251 | D:3      | Reached skill level 1 in Throwing
  2251 | D:3      | Reached skill level 1 in Armour
  2251 | D:3      | Reached skill level 1 in Shields
  2251 | D:3      | Reached skill level 1 in Unarmed Combat
  2251 | D:3      | Reached skill level 1 in Evocations
  2370 | D:3      | Reached XP level 4. HP: 29/32 MP: 7/11
  2643 | D:3      | Found a shadowy altar of Dithmenos.
  2685 | D:3      | Noticed Sigmund
  2923 | D:3      | Killed Sigmund
  2923 | D:3      | Reached skill level 1 in Conjurations
  2923 | D:3      | Reached skill level 1 in Hexes
  2923 | D:3      | Reached skill level 1 in Charms
  2923 | D:3      | Reached skill level 1 in Summonings
  2923 | D:3      | Reached skill level 1 in Translocations
  2923 | D:3      | Reached skill level 1 in Transmutations
  2923 | D:3      | Reached skill level 1 in Fire Magic
  2923 | D:3      | Reached skill level 1 in Ice Magic
  2923 | D:3      | Reached skill level 1 in Air Magic
  2923 | D:3      | Reached skill level 1 in Earth Magic
  2923 | D:3      | Reached skill level 1 in Poison Magic
  2923 | D:3      | Reached XP level 5. HP: 22/38 MP: 1/12
  2923 | D:3      | Reached XP level 6. HP: 26/44 MP: 1/13
  3583 | D:4      | Reached skill level 5 in Dodging
  4251 | D:4      | Reached XP level 7. HP: 49/50 MP: 12/15
  4447 | D:4      | Found a staircase to the Ecumenical Temple.
  4456 | Temple   | Entered the Ecumenical Temple
  4695 | Temple   | Became a worshipper of Kikubaaqudgha
  4744 | D:5      | Entered Level 5 of the Dungeon
  4802 | D:4      | Learned a level 4 spell: Animate Dead
  4806 | D:4      | Learned a level 3 spell: Regeneration
  5167 | D:5      | Noticed Eustachio
  5189 | D:5      | Found a basalt altar of Yredelemnul.
  5216 | D:5      | Found a shattered altar of Ashenzari.
  5217 | D:5      | Found an iron altar of Okawaru.
  5554 | D:5      | Found an ornate altar of the Wu Jian Council.
  5573 | D:5      | Reached skill level 5 in Stealth
  5798 | D:5      | Reached * piety under Kikubaaqudgha
  5798 | D:5      | Identified Kikubaaqudgha's Handbook of Evil (Kikubaaqudgha
                  | gifted it to you on level 5 of the Dungeon)
  5798 | D:5      | Received a gift from Kikubaaqudgha
  5882 | D:5      | Found the +2 ratskin cloak {+Rats rPois rN+ Str-1 Int-1
                  | Dex+1}
  5921 | D:5      | Reached XP level 8. HP: 32/57 MP: 1/16
  7446 | D:7      | Noticed Menkaure
  7455 | D:7      | Killed Menkaure
  7605 | D:7      | Reached XP level 9. HP: 53/65 MP: 6/18
  8244 | D:7      | Found a faded altar of an unknown god.
  8244 | D:7      | Found a faded altar of an unknown god.
  8300 | D:7      | Found a shadowy altar of Dithmenos.
  8302 | D:7      | Found a hide-covered altar of Uskayaw.
  8304 | D:7      | Found a radiant altar of Vehumet.
  8720 | D:8      | Noticed a two-headed ogre
  8748 | D:8      | Killed a two-headed ogre
  9006 | D:8      | Reached ** piety under Kikubaaqudgha
  9078 | D:8      | Reached skill level 5 in Invocations
  9292 | D:8      | Noticed a two-headed ogre
  9314 | D:8      | Killed a two-headed ogre
  9314 | D:8      | Reached XP level 10. HP: 73/73 MP: 8/20
 10469 | D:9      | Found Efeaphad's Weapon Shoppe.
 10472 | D:9      | Bought a +2 short sword of electrocution for 253 gold
                  | pieces
 10523 | D:9      | Reached skill level 5 in Fighting
 10523 | D:9      | Reached skill level 5 in Short Blades
 10523 | D:9      | Reached skill level 5 in Long Blades
 10523 | D:9      | Reached skill level 5 in Axes
 10523 | D:9      | Reached skill level 5 in Maces & Flails
 10523 | D:9      | Reached skill level 5 in Polearms
 10523 | D:9      | Reached skill level 5 in Staves
 10523 | D:9      | Reached skill level 5 in Slings
 10523 | D:9      | Reached skill level 5 in Bows
 10523 | D:9      | Reached skill level 5 in Crossbows
 10523 | D:9      | Reached skill level 5 in Throwing
 10523 | D:9      | Reached skill level 5 in Armour
 10523 | D:9      | Reached skill level 5 in Shields
 10523 | D:9      | Reached skill level 5 in Unarmed Combat
 10523 | D:9      | Reached skill level 5 in Evocations
 10658 | D:9      | Found a staircase to the Lair.
 11194 | D:9      | Reached *** piety under Kikubaaqudgha
 11194 | D:9      | Identified Kikubaaqudgha's Papyrus of Unholy Magic
                  | (Kikubaaqudgha gifted it to you on level 9 of the Dungeon)
 11194 | D:9      | Received a gift from Kikubaaqudgha
 11208 | D:9      | Learned a level 5 spell: Bolt of Draining
 12430 | D:10     | Entered Level 10 of the Dungeon
 12604 | D:10     | Noticed an unseen horror
 12613 | D:10     | Killed an unseen horror
 12613 | D:10     | Reached XP level 11. HP: 75/81 MP: 11/22
 13000 | Lair:1   | Entered Level 1 of the Lair of Beasts
 13001 | Lair:1   | Reached skill level 5 in Conjurations
 13001 | Lair:1   | Reached skill level 5 in Hexes
 13001 | Lair:1   | Reached skill level 5 in Charms
 13001 | Lair:1   | Reached skill level 5 in Summonings
 13001 | Lair:1   | Reached skill level 5 in Translocations
 13001 | Lair:1   | Reached skill level 5 in Transmutations
 13001 | Lair:1   | Reached skill level 5 in Fire Magic
 13001 | Lair:1   | Reached skill level 5 in Ice Magic
 13001 | Lair:1   | Reached skill level 5 in Air Magic
 13001 | Lair:1   | Reached skill level 5 in Earth Magic
 13001 | Lair:1   | Reached skill level 5 in Poison Magic
 13058 | Lair:1   | Noticed a seven-headed hydra
 13088 | Lair:1   | Killed a seven-headed hydra
 13787 | Lair:1   | Noticed Grum
 13801 | Lair:1   | Killed Grum
 14227 | Lair:1   | Noticed Joseph
 14231 | Lair:1   | Killed Joseph
 14428 | Lair:1   | Reached **** piety under Kikubaaqudgha
 14428 | Lair:1   | Reached XP level 12. HP: 89/89 MP: 1/24
 15130 | Lair:2   | Found a staircase to the Snake Pit.
 15138 | Lair:2   | Noticed Urug
 15835 | Lair:2   | Killed Urug
 16328 | Lair:2   | Found the +0 Maxwell's etheric cage {RegenMP+ *Contam rElec
                  | MP+4}
 17212 | Lair:3   | Found a runed translucent gate.
 17212 | Lair:3   | Found a runed translucent gate.
 17302 | Lair:3   | Found a runed translucent gate.
 17303 | Lair:3   | Noticed Befuwnopp's ghost (journeyman TrHu)
 17504 | Lair:3   | Noticed Nergalle
 17518 | Lair:3   | Learned a level 5 spell: Dispel Undead
 17593 | Lair:3   | Killed Nergalle
 18148 | Lair:3   | HP: 6/136 [sixfirhy[an obsidian statue] (12)]
 18149 | Lair:3   | Noticed a sun demon
 18162 | Lair:3   | HP: 4/136 [sun demon[an obsidian statue] (7)]
 18180 | Lair:3   | Got an encrusted fustibalus
 18182 | Lair:3   | Got a clouded silver amulet
 18191 | Lair:3   | Identified the +5 fustibalus of Soetysayqe {venom, *Slow
                  | rElec Int+5 Dex+2} (You found it on level 3 of the Lair of
                  | Beasts)
 18205 | Lair:3   | Identified the amulet "Xuit" {Inacc rElec rN+ Dex+4} (You
                  | found it on level 3 of the Lair of Beasts)
 18698 | Lair:4   | Reached XP level 13. HP: 37/98 MP: 15/26
 19570 | Lair:4   | Found a staircase to the Shoals.
 19646 | Lair:4   | Reached ***** piety under Kikubaaqudgha
 20821 | Lair:6   | Entered Level 6 of the Lair of Beasts
 21141 | Lair:6   | Found a gate leading to a gauntlet.
 21150 | Lair:6   | Reached skill level 10 in Necromancy
 21169 | Gauntlet | Entered a Gauntlet
 21169 | Gauntlet | Found a transporter.
 21169 | Gauntlet | Found a transporter.
 21188 | Gauntlet | Found a transporter.
 21188 | Gauntlet | Found a transporter.
 21191 | Gauntlet | Found a transporter.
 21201 | Gauntlet | Found a transporter.
 21268 | Gauntlet | Found a transporter.
 21278 | Gauntlet | Found a transporter.
 21293 | Gauntlet | Found a transporter.
 21307 | Gauntlet | Found a transporter.
 21318 | Gauntlet | Found a transporter.
 21324 | Gauntlet | Found a transporter.
 21387 | Gauntlet | Learned a level 4 spell: Cause Fear
 21488 | Lair:6   | Noticed a dire elephant
 21494 | Lair:6   | Killed a dire elephant
 21655 | Lair:6   | Reached skill level 10 in Spellcasting
 21895 | Lair:6   | Found a staircase to the Slime Pits.
 21900 | Lair:6   | Reached XP level 14. HP: 106/106 MP: 26/28
 22351 | Lair:6   | Reached skill level 10 in Dodging
 22771 | Lair:6   | Learned a level 3 spell: Inner Flame
 22913 | Lair:6   | Gained mutation: You are partially covered in molten
                  | scales. (AC +2) [potion of mutation]
 22913 | Lair:6   | Gained mutation: You are clumsy. (Dex -2) [potion of
                  | mutation]
 22913 | Lair:6   | Gained mutation: You are partially covered in icy blue
                  | scales. (AC +2) [potion of mutation]
 22959 | Lair:6   | Got a scorched broad axe
 23109 | D:10     | Found a staircase to the Orcish Mines.
 23703 | D:11     | Found a glowing golden altar of the Shining One.
 23797 | D:11     | Identified 3 scrolls of acquirement
 23905 | D:11     | Reached skill level 10 in Stealth
 24083 | Orc:1    | Entered Level 1 of the Orcish Mines
 24253 | Orc:1    | Noticed Sonja
 24262 | Orc:1    | Killed Sonja
 24552 | Orc:1    | Noticed Snorg
 24557 | Orc:1    | Killed Snorg
 24592 | Orc:1    | Noticed Josephine
 24611 | Orc:1    | Killed Josephine
 24611 | Orc:1    | Reached skill level 10 in Invocations
 24691 | Orc:1    | Found a transporter.
 24694 | Orc:1    | Found a transporter.
 24695 | Orc:1    | Noticed a stone giant
 24696 | Orc:1    | Found a roughly hewn altar of Beogh.
 25015 | Orc:2    | Entered Level 2 of the Orcish Mines
 25015 | Orc:2    | Found Efanim's Distillery.
 25029 | Orc:2    | Bought a potion of degeneration for 16 gold pieces
 25030 | Orc:2    | Found Aralysua's Magic Scroll Boutique.
 25078 | Orc:2    | Bought a scroll of identify for 28 gold pieces
 25078 | Orc:2    | Bought a scroll of identify for 28 gold pieces
 25078 | Orc:2    | Bought a scroll of blinking for 105 gold pieces
 25117 | Orc:2    | Found Ulaqoom's Gadget Boutique.
 25179 | Orc:2    | Found Odariph's Jewellery Shop.
 25243 | Orc:2    | Noticed Blork the orc
 25247 | Orc:2    | Noticed an orc warlord
 25268 | Orc:2    | Killed Blork the orc
 25345 | Orc:2    | Killed an orc warlord
 25516 | Orc:2    | Found a staircase to the Elven Halls.
 25787 | Orc:2    | Found a roughly hewn altar of Beogh.
 25921 | Orc:2    | Found a roughly hewn altar of Beogh.
 25927 | Orc:2    | Found Huklal's Antique Weapon Emporium.
 25945 | Orc:2    | Found Xasm's General Store.
 26014 | Orc:2    | Found Zobiem's Jewellery Emporium.
 26029 | Orc:2    | Found Fibaik's Antique Armour Emporium.
 26053 | Orc:2    | Identified the Volume of Ensnaring Displacement (You
                  | acquired it on level 2 of the Orcish Mines)
 26058 | Orc:2    | Learned a level 2 spell: Blink
 26373 | Orc:2    | Bought the ring "Ziloufuarch" {+Fly rC+ Str+3 Int+3 Stlth+}
                  | for 572 gold pieces
 26407 | Orc:2    | Bought the ring of the Mage {Wiz MR++ Int+3} for 827 gold
                  | pieces
 26407 | Orc:2    | Found the ring of the Mage {Wiz MR++ Int+3}
 26924 | D:12     | Reached ****** piety under Kikubaaqudgha
 26963 | D:12     | Received a gift from Kikubaaqudgha
 27022 | D:12     | Reached XP level 15. HP: 114/114 MP: 27/29
 27089 | D:12     | You fall into a shaft and drop 2 floors!
 27090 | D:14     | Noticed Roxanne
 28690 | D:14     | Found Maiseite's Magic Scroll Boutique.
 28698 | D:14     | Bought a scroll of identify for 34 gold pieces
 28698 | D:14     | Bought a scroll of teleportation for 51 gold pieces
 28698 | D:14     | Bought a scroll of teleportation for 51 gold pieces
 28698 | D:14     | Bought a scroll of identify for 34 gold pieces
 28698 | D:14     | Bought a scroll of identify for 34 gold pieces
 28820 | D:14     | Found a gate to the Vaults.
 28840 | D:14     | Noticed Frances
 29055 | D:14     | Killed Frances
 29057 | D:14     | Reached skill level 10 in Fighting
 29057 | D:14     | Reached skill level 10 in Short Blades
 29057 | D:14     | Reached skill level 10 in Long Blades
 29057 | D:14     | Reached skill level 10 in Axes
 29057 | D:14     | Reached skill level 10 in Maces & Flails
 29057 | D:14     | Reached skill level 10 in Polearms
 29057 | D:14     | Reached skill level 10 in Staves
 29057 | D:14     | Reached skill level 10 in Slings
 29057 | D:14     | Reached skill level 10 in Bows
 29057 | D:14     | Reached skill level 10 in Crossbows
 29057 | D:14     | Reached skill level 10 in Throwing
 29057 | D:14     | Reached skill level 10 in Armour
 29057 | D:14     | Reached skill level 10 in Shields
 29057 | D:14     | Reached skill level 10 in Unarmed Combat
 29057 | D:14     | Reached skill level 10 in Evocations
 29217 | D:14     | Found a white marble altar of Elyvilon.
 29462 | D:15     | Entered Level 15 of the Dungeon
 29525 | D:15     | Found a staircase to the Depths.
 30383 | Snake:1  | Entered Level 1 of the Snake Pit
 30445 | Snake:1  | Reached XP level 16. HP: 122/122 MP: 15/31
 32269 | Snake:2  | Learned a level 5 spell: Borgnjor's Vile Clutch
 32465 | Snake:2  | Upgraded the game from 0.24.0-2-g5b39cebb1c to
                  | 0.24.0-3-g28a8eb0610
 32842 | Snake:3  | Found a radiant altar of Vehumet.
 32957 | Snake:3  | Noticed Saint Roka
 32991 | Snake:3  | Killed Saint Roka
 33200 | Snake:3  | Found a transporter.
 33205 | Snake:3  | Noticed wjtupper's ghost (adept MiHu)
 33219 | Snake:3  | Found a transporter.
 33233 | Snake:3  | Noticed Aizul
 33237 | Snake:3  | Noticed Asterion
 33240 | Snake:3  | Noticed an Executioner
 33243 | Snake:3  | Killed Aizul
 33650 | Snake:3  | Noticed Vashnia
 33660 | Snake:3  | Noticed an Executioner
 33674 | Snake:3  | Killed Asterion
 33701 | Snake:2  | Upgraded the game from 0.24.0-3-g28a8eb0610 to
                  | 0.24.0-7-gb3623d2c88
 34172 | Snake:3  | HP: 5/124 [naga sharpshooter/arrow[Vashnia] (14)]
 34172 | Snake:3  | Shot with an arrow by a naga sharpshooter

Levels and vault maps discovered:
D:1:      roderic_crop_circles_arrival_small, layout_basic, serial_bayou,
          serial_bayou_ford_a, serial_bayou_lake_a, serial_bayou_shore_a,
          serial_bayou_pond_c
D:2:      layout_rooms, lemuel_round_altar
D:3:      layout_basic, first_ration, solitary_fountain,
          grunt_dithmenos_smoke_and_mirrors, uniq_sigmund
D:4:      wander_river, layout_basic, minmay_temple_entry_poolview
D:5:      wander_guarded_unrand_ratskin, layout_basic,
          nicolae_overflow_hidden_temple, kennysheep_mini, serial_glass,
          glass_columns_a, glass_columns_a, kennysheep_generic_room_14,
          uniq_eustachio
D:6:      layout_basic
D:7:      layout_rooms, chequers_temple_overflow_minitemple, uniq_menkaure
D:8:      layout_layer_cave
D:9:      layout_basic, minmay_lair_entry_grove, serial_shops,
          nicolae_shop_behind_doors, the_bakery
D:10:     layout_irregular_city, orc_0_dummy
D:11:     layout_rooms, basic_altar
D:12:     layout_rooms, serial_rivers, chequers_serial_rivers_large_b,
          chequers_serial_rivers_micro_e, chequers_serial_rivers_small_b,
          chequers_serial_rivers_micro_d, chequers_serial_rivers_small_3
D:13:     layout_long_grid
D:14:     layout_rooms, skrybe_vaults_entry_preservation, elyvilon_altar_1,
          serial_shops, shop, minivault_15, uniq_frances, uniq_roxanne
D:15:     gammafunk_depths_entry_grave, layout_cave_pools,
          minmay_misc_feat_four_crosses
Temple:   minmay_temple_curvy_branch
Lair:1:   layout_cave_pods, infiniplex_staircase_pool_2, grunt_megastairs_1,
          serial_bayou_shore_b, uniq_grum, uniq_joseph
Lair:2:   layout_gridlike, guppyfry_snake_entry_garden, minivault_11, uniq_urug
Lair:3:   statuecave_lemuel, layout_loops_ring, ebering_ghost_rock_garden,
          uniq_nergalle
Lair:4:   layout_layer_cave, elwin_shoals_entry_rooms,
          chequers_serial_rivers_micro_c
Lair:5:   layout_regular_city, pond
Lair:6:   gammafunk_lair_ancient_temple, layout_long_grid,
          minmay_slime_entry_pillars, gauntlet_entry_generic,
          hangedman_lair_generics_rect, minmay_lair_oklob_chamber
Snake:1:  layout_layer_cave
Snake:2:  layout_basic, st_stairs_8
Snake:3:  layout_layer_cave, basic_altar, gammafunk_ghost_berserking_beasts,
          grunt_megastairs_3, minmay_shop_grove, uniq_saint_roka, uniq_aizul,
          uniq_vashnia, uniq_asterion
Orc:1:    gammafunk_beogh_shrine, layout_caves, uniq_josephine, uniq_sonja,
          uniq_snorg
Orc:2:    grunt_orc_cross, layout_caves, serial_shops, shop,
          nicolae_shop_waterfront, shop, shop, bh_open_orc_temple

Skill      XL: |  1  2  3  4  5  6  7  8  9 10 11 12 13 14 15 16 |
---------------+-------------------------------------------------+-----
Spellcasting   | 5 6 7 8 9 10 11 | 11.8
Invocations    | 1 2 3 4 5 6 7 8 9 10 11 | 11.7
Fighting       | 1 2 3 4 5 6 7 8 9 10 | 10.9
Short Blades   | 1 2 3 4 5 6 7 8 9 10 | 10.9
Long Blades    | 1 2 3 4 5 6 7 8 9 10 | 10.9
Axes           | 1 2 3 4 5 6 7 8 9 10 | 10.9
Maces & Flails | 1 2 3 4 5 6 7 8 9 10 | 10.9
Polearms       | 1 2 3 4 5 6 7 8 9 10 | 10.9
Staves         | 1 2 3 4 5 6 7 8 9 10 | 10.9
Slings         | 1 2 3 4 5 6 7 8 9 10 | 10.9
Bows           | 1 2 3 4 5 6 7 8 9 10 | 10.9
Crossbows      | 1 2 3 4 5 6 7 8 9 10 | 10.9
Throwing       | 1 2 3 4 5 6 7 8 9 10 | 10.9
Armour         | 1 2 3 4 5 6 7 8 9 10 | 10.9
Shields        | 1 2 3 4 5 6 7 8 9 10 | 10.9
Unarmed Combat | 1 2 3 4 5 6 7 8 9 10 | 10.9
Evocations     | 1 2 3 4 5 6 7 8 9 10 | 10.9
Conjurations   | 1 2 3 4 5 6 7 8 9 |  9.2
Hexes          | 1 2 3 4 5 6 7 8 9 |  9.2
Charms         | 1 2 3 4 5 6 7 8 9 |  9.2
Summonings     | 1 2 3 4 5 6 7 8 9 |  9.2
Translocations | 1 2 3 4 5 6 7 8 9 |  9.2
Transmutations | 1 2 3 4 5 6 7 8 9 |  9.2
Fire Magic     | 1 2 3 4 5 6 7 8 9 |  9.2
Ice Magic      | 1 2 3 4 5 6 7 8 9 |  9.2
Air Magic      | 1 2 3 4 5 6 7 8 9 |  9.2
Earth Magic    | 1 2 3 4 5 6 7 8 9 |  9.2
Poison Magic   | 1 2 3 4 5 6 7 8 9 |  9.2
Dodging        | 5 6 7 8 9 10 11 | 11.7
Stealth        | 5 6 7 8 9 10 11 | 11.5
Necromancy     | 8 9 10 11 | 11.4

Action                   |  1- 3 |  4- 6 |  7- 9 | 10-12 | 13-15 | 16-18 || total
-------------------------+-------+-------+-------+-------+-------+-------++-------
Melee: Dagger            |     5 |    28 |     2 |     4 |       |       ||    39
       Unarmed           |     1 |       |       |       |       |       ||     1
       Bite              |       |     4 |    45 |    26 |    35 |     1 ||   111
       Falchion          |       |       |   194 |    30 |       |       ||   224
       Punch             |       |       |     7 |     4 |    18 |     1 ||    30
       Spear             |       |       |     7 |     5 |    18 |       ||    30
       Short sword       |       |       |       |   201 |   186 |     8 ||   395
       Trident           |       |       |       |       |   112 |    17 ||   129
 Fire: Hunting sling     |       |       |       |   139 |       |       ||   139
       Fustibalus        |       |       |       |     3 |   116 |       ||   119
Throw: Stone             |       |       |     6 |     2 |     1 |    11 ||    20
       Dart              |       |       |     1 |     5 |       |       ||     6
 Cast: Pain              |    52 |    76 |   120 |   102 |    13 |       ||   363
       Vampiric Draining |       |     6 |    33 |    61 |    29 |    15 ||   144
       Animate Dead      |       |       |     6 |    19 |    40 |    10 ||    75
       Regeneration      |       |       |     3 |       |    17 |     6 ||    26
       Bolt of Draining  |       |       |       |   101 |   419 |   142 ||   662
       Dispel Undead     |       |       |       |     4 |    55 |       ||    59
       Cause Fear        |       |       |       |       |     3 |       ||     3
       Inner Flame       |       |       |       |       |    13 |     2 ||    15
       Blink             |       |       |       |       |     3 |     1 ||     4
       Borgnjor's Vile C |       |       |       |       |       |     1 ||     1
Invok: Receive Corpses   |       |       |     2 |     6 |    11 |     3 ||    22
       Torment           |       |       |       |       |     2 |     1 ||     3
       Receive Necronomi |       |       |       |       |     1 |       ||     1
 Abil: Evoke Ratskin     |       |       |    11 |    18 |     6 |       ||    35
       Evoke Flight      |       |       |       |     1 |     1 |       ||     2
Evoke: Wand              |       |       |     2 |    10 |       |       ||    12
       Crystal ball of e |       |       |       |       |     1 |       ||     1
  Use: Scroll            |       |     5 |     6 |    10 |    14 |     3 ||    38
       Potion            |       |     1 |       |     6 |     1 |     1 ||     9
 Stab: Sleeping          |     2 |       |    12 |     4 |     4 |       ||    22
       Distracted        |       |       |     1 |     4 |     3 |     2 ||    10
  Eat: Chunk             |     4 |     6 |    21 |    49 |    89 |     4 ||   173
       Ration            |       |       |       |     4 |     5 |     6 ||    15
Armor: Robe              |     3 |     2 |       |       |       |       ||     5
       Leather armour    |       |       |    65 |    77 |   129 |    61 ||   332
       Skin              |       |       |       |    86 |       |       ||    86
Dodge: Dodged            |    18 |    28 |   231 |   367 |   374 |    89 ||  1107
       Rpst.: Falchion   |       |       |    68 |     8 |       |       ||    76
